 Dungeon Crawl Stone Soup version 0.31.0-11-ge490571c62 (webtiles) character file.

Game seed: 2783984651838052796

121 Gadfly the Insei (level 4, -2/35 HPs)
             Began as a Demonspawn Monk on Feb 1, 2024.
             Killed from afar by Sigmund (12 damage)
             ... with a puff of flame
             ... on level 4 of the Dungeon.
             The game lasted 00:03:14 (2836 turns).

Gadfly the Insei (Demonspawn Monk)                  Turns: 2836, Time: 00:03:14

Health: -2/35      AC:  2    Str: 13    XL:     4   Next: 77%
Magic:  4/4        EV: 13    Int: 10    God:
Gold:   209        SH:  0    Dex: 16    Spells: 1/3 levels left

rFire   . . .        b - +3 whip (elec)
rCold   . . .        c - orb {light}
rNeg    . . .        a - +0 robe
rPois   .            (no helmet)
rElec   .            (no cloak)
rCorr   .            (no gloves)
SInv    .            (no boots)
Will    .....        (no amulet)
Stlth   +            (no ring)
HPRegen 0.25/turn    (no ring)
MPRegen 0.09/turn

%: no passive effects
@: glowing
A: powered by death 1
a: no special abilities


You were on level 4 of the Dungeon.
You visited 1 branch of the dungeon, and saw 4 of its levels.

You collected 209 gold pieces.

Inventory:

Hand Weapons
 b - a +3 whip of electrocution (weapon)
 q - a +1 short sword of protection
Armour
 a - a +0 robe (worn)
 c - an orb of light (worn)
Wands
 i - a wand of light (6) (quivered)
Scrolls
 o - 2 scrolls of blinking
 r - a scroll of fear
Potions
 e - 3 potions of ambrosia
 f - a potion of attraction
 g - a potion of degeneration {unknown}
 j - a potion of enlightenment
 l - a potion of cancellation {unknown}
 m - a potion of berserk rage
 n - a potion of haste {unknown}


   Skills:
 - Level 3.0 Fighting
 + Level 3.1 Dodging
 * Level 3.6 Unarmed Combat
 * Level 2.0 Evocations
 * Level 1.7 Shapeshifting


You had one spell level left.
You knew the following spells:

 Your Spells              Type           Power      Damage    Failure   Level
a - Blink                 Tloc           0%         N/A       50%         2

Your spell library contained the following spells:

 Spells                   Type           Power      Damage    Failure   Level
 Magic Dart               Conj           0%         1d3       36%         1
 Call Imp                 Summ           0%         N/A       50%         2
 Static Discharge         Conj/Air       0%         3-3/arc   50%         2
 Hailstorm                Conj/Ice       0%         3d5       75%         3
 Summon Ice Beast         Ice/Summ       0%         N/A       75%         3
 Airstrike                Air            0%         2d(0-16)  98%         4
 Summon Lightning Spire   Summ/Air       0%         N/A       98%         4
 Sculpt Simulacrum        Ice/Alch       0%         N/A       100%        6


Dungeon Overview and Level Annotations

Branches:
Dungeon (4/15)
 Temple: D:4-7

Altars:

Annotations:
D:4 Sigmund


Innate Abilities, Weirdness & Mutations

You regenerate a little health from kills.


Message History

Found a stone staircase leading down.
Things that are here:
a +0 hand axe; an orc corpse Sigmund points at you and mumbles some strange words.
The magic dart hits you!
An orc comes into view. It is wielding a +0 short sword.
Sigmund hits you with a +0 heavy scythe!
* * * LOW HITPOINT WARNING * * *
You are too injured to fight recklessly!
You are too injured to fight recklessly!
You are too injured to fight recklessly!
You are too injured to fight recklessly!
You are too injured to fight recklessly!
You are too injured to fight recklessly!
You are too injured to fight recklessly!
You are too injured to fight recklessly!
You are too injured to fight recklessly!
You are too injured to fight recklessly!
You are too injured to fight recklessly!
You are too injured to fight recklessly!
You are too injured to fight recklessly!
You are too injured to fight recklessly!
You are too injured to fight recklessly!
You are too injured to fight recklessly!
You are too injured to fight recklessly!
Unknown command.
Sigmund points at you and mumbles some strange words.
You are confused.
Things that are here:
a +0 hand axe; an orc corpse The orc shouts!
Things that are here:
a +0 whip; a +0 scale mail Sigmund attacks as he pursues you!
Sigmund closely misses you. Sigmund misses you.
You feel less confused. Sigmund casts a spell at you.
The puff of flame hits you!
You die...
Sigmund begins carving another notch in his scythe.

...................
....................
......)))...........
....................
.........@o............
.......................
.......................
.......................
............@........##
.......................
.......................
.......................
#...................###
#.................##
#.............<..##
..#..........###..#
#........## ..#


You could see Sigmund and an orc.

Vanquished Creatures
  A bombardier beetle (D:4)
  3 adders
  3 dart slugs
  3 orcs (D:4)
  4 ball pythons
  5 endoplasms
  A giant cockroach (D:3)
  5 hobgoblins
  6 jackals
  3 quokkas
  8 bats
  3 frilled lizards
  2 goblins (D:1)
  3 kobolds
  A rat (D:1)
51 creatures vanquished.

Notes
Turn   | Place    | Note
-------+----------+-------------------------------------------
     0 | D:1      | Gadfly the Demonspawn Monk began the quest for the Orb.
     0 | D:1      | Reached XP level 1. HP: 18/18 MP: 1/1
    98 | D:1      | Gained mutation: You regenerate a little health from kills.
                  | [demonic ancestry]
    98 | D:1      | Reached XP level 2. HP: 24/24 MP: 2/2
   224 | D:1      | Reached skill level 1 in Evocations
   630 | D:1      | Reached skill level 1 in Shapeshifting
  1049 | D:2      | Reached XP level 3. HP: 28/29 MP: 3/3
  2072 | D:3      | Identified the +0 leather armour "Qaseck" {rPois Str-2
                  | Int+4}
  2302 | D:3      | Reached XP level 4. HP: 35/35 MP: 4/4
  2487 | D:3      | Learned a level 2 spell: Blink
  2609 | D:4      | HP: 1/35 [burnt (6)]
  2820 | D:4      | Noticed Sigmund
  2836 | D:4      | Killed from afar by Sigmund

Illustrated notes

Levels and vault maps discovered:
D:1:      wander_arrival_fairy_ring, layout_loops_ring,
          minmay_misc_feat_enclosed, minivault_5, minmay_tetromino_s2
D:2:      layout_basic
D:3:      layout_basic, dreamdust_princess_corridor
D:4:      layout_layer_cave, serial_shops, shop, uniq_sigmund, uniq_pikel,
          uniq_ijyb, uniq_duvessa, uniq_eustachio

Skill      XL: |  1  2  3  4 |
---------------+-------------+-----
Evocations     | 1 2 |  2.0
Unarmed Combat | 3 |  3.6
Shapeshifting  | 1 |  1.7
Dodging        | 3 |  3.1
Fighting       | |  3.0

Action                     |  1- 3 |  4- 6 || total
---------------------------+-------+-------++-------
  Melee: Unarmed           |    14 |       ||    14
         Whip              |    93 |    27 ||   120
    Use: Scroll            |     7 |     4 ||    11
         Potion            |       |     1 ||     1
 Armour: Robe              |    46 |    18 ||    64
  Dodge: Dodged            |    89 |    20 ||   109
